 Dungeon Crawl Stone Soup version 0.27-a0-1245-g940ed4fa31 (webtiles) character file.

Game seed: 10963456052496498212

1481 robertstho the Archer (level 8, 0/69 HPs)
             Began as a Hill Orc Hunter on June 9, 2021.
             Was a Believer of Okawaru.
             Slain by an orc
             ... wielding a +0 dagger
              (1 damage)
             ... on level 6 of the Dungeon.
             The game lasted 00:06:57 (5285 turns).

robertstho the Archer (Hill Orc Hunter)             Turns: 5285, Time: 00:06:59

Health: 0/69       AC: 12    Str: 15    XL:     8   Next: 79%
Magic:  10/10      EV:  7    Int: 11    God:    Okawaru [**....]
Gold:   242        SH:  0    Dex: 13    Spells: 7/7 levels left

rFire    . . .     SeeInvis .   b - +0 short sword
rCold    . . .     Faith    .   (no shield)
rNeg     . . .     Spirit   .   i - +0 chain mail
rPois    .         Reflect  .   j - +0 helmet
rElec    .         Harm     .   s - +0 cloak
rCorr    .         Rampage  .   (no gloves)
Will     .....                  p - +0 pair of boots
Stlth    ..........             (no amulet)
HPRegen  0.21/turn              (no ring)
MPRegen  0.12/turn              (no ring)

@: no status effects
A: no striking features
a: Renounce Religion, Heroism


You were on level 6 of the Dungeon.
You worshipped Okawaru.
Okawaru was pleased with you.
You visited 2 branches of the dungeon, and saw 7 of its levels.

You collected 242 gold pieces.

Inventory:

Hand Weapons
 a - a +2 shortbow
 b - a +0 short sword (weapon)
Armour
 i - a +0 chain mail (worn)
 j - a +0 helmet (worn)
 p - a +0 pair of boots (worn)
 s - a +0 cloak (worn)
Scrolls
 c - a scroll of noise {unknown}
 m - a scroll of fog {unknown}
 n - a scroll of magic mapping {unknown}
 r - 2 scrolls of summoning
Potions
 e - 2 potions of curing
 f - 2 potions of lignification {unknown}
 g - 3 potions of haste {unknown}
 h - 2 potions of mutation {unknown}
 k - 2 potions of might {unknown}
 l - 2 potions of heal wounds {unknown}


   Skills:
 * Level 5.6 Fighting
 + Level 0.1 Short Blades
 * Level 8.7 Bows
 + Level 3.1 Armour
 + Level 2.1 Dodging
 - Level 0.7 Stealth
 * Level 3.3 Invocations


You had 7 spell levels left.
You didn't know any spells.
Your spell library contained the following spells:

 Spells                   Type           Power      Damage    Failure   Level
 Corona                   Hex            0%         N/A       100%        1
 Magic Dart               Conj           0%         1d3       100%        1
 Ensorcelled Hibernation  Hex/Ice        0%         N/A       100%        2
 Searing Ray              Conj           0%         3d3       100%        2
 Confusing Touch          Hex            0%         N/A       100%        3
 Dazzling Flash           Conj/Hex       0%         N/A       100%        3
 Tukima's Dance           Hex            0%         N/A       100%        3
 Fulminant Prism          Conj/Hex       0%         3d6       100%        4
 Iskenderun's Mystic Bla  Conj/Tloc      0%         2d3       100%        4


Dungeon Overview and Level Annotations

Branches:
Dungeon (6/15)             Temple (1/1) D:5

Altars:
Cheibriados
Fedhas
Hepliaklqana
Nemelex Xobeh
Okawaru
Uskayaw
Xom


Message History

The centaur skeleton kicks you. The centaur skeleton barely misses you.
The centaur skeleton closely misses you.
You hit the centaur skeleton.
The centaur skeleton is moderately damaged.
The centaur skeleton hits you but does no damage.
The centaur skeleton kicks you but does no damage.
You hit the centaur skeleton but do no damage.
The centaur skeleton is moderately damaged.
The centaur skeleton hits you but does no damage.
The centaur skeleton kicks you.
Your chain mail prevents you from hitting the orc.
You hit the orc but do no damage. The orc hits you with a +0 dagger.
You completely miss the orc. The orc hits you but does no damage.
You closely miss the orc. The orc hits you but does no damage.
The orc barely misses you.
Your chain mail prevents you from hitting the orc.
The orc hits you with a +0 dagger.
You hit the orc but do no damage. The orc hits you but does no damage.
You closely miss the orc. The orc hits you but does no damage.
You hit the orc but do no damage. The orc hits you but does no damage.
You hit the orc but do no damage. The orc closely misses you.
You hit the orc.
The orc is heavily wounded.
The orc barely misses you.
You hit the orc but do no damage.
The orc is heavily wounded.
The orc hits you but does no damage.
You completely miss the orc.
The orc is heavily wounded.
The orc hits you but does no damage.
The cyclops throws a large rock.
The large rock hits you!!
You hit the orc but do no damage.
The orc is heavily wounded.
The orc hits you with a +0 dagger.
The cyclops throws a large rock.
The large rock hits you!!
* * * LOW HITPOINT WARNING * * *
You closely miss the orc.
The orc is heavily wounded.
The orc hits you with a +0 dagger.
You die...

#. #.#
#####...# #.#
#.# #........
#.##<#
#.###...#
#.#.#### #..##
##.....#####
#####
#..........#
#≈≈≈
#.##.##.###.#
#### #.#
#.##.###.#.###.
# #.
#...#@(((..(C..
#
####o###(?.....
#......##..#.
##....(h≈..#
#(###.(≈≈ (..
.#(≈ (.) .##≈≈
(.. .# ≈≈#
#....


You could see a cyclops and an orc.

Vanquished Creatures
  Prince Ribbit (D:5)
  Eustachio (D:5)
  A steam dragon (D:6)
  2 black bears
  2 necrophages
  An ice beast (D:5)
  An ogre (D:5)
  A scorpion (D:5)
  A howler monkey (D:6)
  3 hounds
  A jelly (D:6)
  3 iguanas
  A scorpion zombie (D:5)
  An orc wizard (D:5)
  9 adders
  2 white imps
  An ufetubus (D:5)
  A worm (D:2)
  2 dart slugs
  2 orcs (D:5)
  4 ball pythons
  7 endoplasms
  A giant cockroach (D:1)
  4 hobgoblins
  8 jackals
  3 quokkas
  4 bats
  6 frilled lizards
  4 goblins
  3 kobolds
  3 rats
84 creatures vanquished.

Notes
Turn   | Place    | Note
-------+----------+-------------------------------------------
     0 | D:1      | robertstho the Hill Orc Hunter began the quest for the Orb.
     0 | D:1      | Reached XP level 1. HP: 18/18 MP: 1/1
   138 | D:1      | Reached skill level 4 in Bows
   138 | D:1      | Reached XP level 2. HP: 22/25 MP: 2/2
   369 | D:1      | Found a faded altar of an unknown god.
   776 | D:2      | Reached XP level 3. HP: 30/30 MP: 3/3
  1028 | D:2      | Reached XP level 4. HP: 28/37 MP: 4/4
  1851 | D:3      | Reached skill level 5 in Bows
  1957 | D:3      | Reached XP level 5. HP: 45/45 MP: 5/5
  2379 | D:4      | Reached skill level 1 in Armour
  2430 | D:4      | Noticed a necrophage
  2435 | D:4      | Killed a necrophage
  2436 | D:4      | Reached XP level 6. HP: 52/52 MP: 6/6
  2743 | D:4      | Reached skill level 6 in Bows
  2810 | D:4      | Noticed a black bear
  2824 | D:4      | Killed a black bear
  3271 | D:5      | Entered Level 5 of the Dungeon
  3294 | D:5      | Noticed an ice beast
  3309 | D:5      | Killed an ice beast
  3310 | D:5      | Reached XP level 7. HP: 35/59 MP: 7/7
  3478 | D:5      | Found a staircase to the Ecumenical Temple.
  3485 | Temple   | Entered the Ecumenical Temple
  3521 | Temple   | Became a worshipper of Warmaster Okawaru
  3572 | D:5      | Reached skill level 1 in Invocations
  3686 | D:5      | Reached skill level 7 in Bows
  3853 | D:5      | Noticed Eustachio
  3891 | D:5      | Killed Eustachio
  4227 | D:5      | Reached * piety under Okawaru
  4228 | D:5      | Reached XP level 8. HP: 67/67 MP: 9/9
  4228 | D:5      | Noticed Prince Ribbit
  4265 | D:5      | Killed Prince Ribbit
  4266 | D:5      | Reached skill level 5 in Fighting
  4266 | D:5      | Reached skill level 8 in Bows
  4461 | D:5      | Found a hazy altar of Hepliaklqana.
  4591 | D:5      | Found a sparkling altar of Nemelex Xobeh.
  4591 | D:5      | Found a blossoming altar of Fedhas.
  4597 | D:5      | Found a hide-covered altar of Uskayaw.
  4599 | D:5      | Found a snail-covered altar of Cheibriados.
  4704 | D:6      | Noticed a cyclops
  5260 | D:6      | Reached ** piety under Okawaru
  5284 | D:6      | HP: 1/69 [cyclops/large rock (29)]
  5285 | D:6      | Slain by an orc

Illustrated notes

Levels and vault maps discovered:
D:1:      nicolae_arrival_memento_mori, layout_basic,
          ebering_ecumenical_altar_sacrificial
D:2:      layout_loops_ring
D:3:      layout_basic, serial_corexii_hall, corexii_hall_statues_s,
          corexii_hall_statues_t, corexii_hall_statues_i
D:4:      layout_basic, kennysheep_generic_room_6
D:5:      layout_cave_pools, minitemple, minmay_temple_entry_statues,
          uniq_prince_ribbit1, uniq_eustachio
D:6:      minmay_spotlight, layout_loops_ring, serial_rivers,
          chequers_serial_rivers_micro_c, chequers_serial_rivers_micro_a,
          chequers_serial_rivers_small_a, chequers_serial_rivers_small_a,
          chequers_serial_rivers_small_3, minmay_manual_monolith, uniq_maggie
Temple:   minmay_temple_curvy_branch

Skill      XL: |  1  2  3  4  5  6  7  8 |
---------------+-------------------------+-----
Bows           | 4 5 6 7 8 |  8.7
Fighting       | 3 4 5 |  5.6
Armour         | 1 2 3 |  3.1
Invocations    | 2 3 |  3.3
Dodging        | 2 |  2.1
Short Blades   | |  0.1
Stealth        | |  0.7

Action                   |  1- 3 |  4- 6 |  7- 9 || total
-------------------------+-------+-------+-------++-------
Melee: Short sword       |    14 |    12 |    17 ||    43
 Fire: Shortbow          |    80 |   122 |   162 ||   364
  Use: Scroll            |     1 |     2 |     4 ||     7
Armor: Leather armour    |     6 |       |       ||     6
       Chain mail        |    17 |    43 |    87 ||   147
Dodge: Dodged            |    13 |    27 |    59 ||    99

Table legend: (Time is in decaauts)
 A = Elapsed time spent in this place.
 B = Non-inter-level travel time spent in this place.
 C = Inter-level travel time spent in this place.
 D = Time resting spent in this place.
 E = Time spent auto-exploring this place.
 F = Levels seen in this place.
 G = Mean time per level.
                   A        B        C        D        E       F      G
               +--------+--------+--------+--------+--------+-----+--------+
         Total |   5283 |   5143 |    140 |    216 |   4169 |   7 |  754.7 |
       Dungeon |   5221 |   5106 |    115 |    216 |   4138 |   6 |  870.2 |
        Temple |     61 |     36 |     25 |      0 |     31 |   1 |   61.0 |
               +--------+--------+--------+--------+--------+-----+--------+

Top non-repeatable levels by time:
     D:5: 1583 daAuts
     D:4: 923 daAuts
     D:3: 861 daAuts
     D:1: 749 daAuts
     D:2: 746 daAuts
     D:6: 357 daAuts
  Temple: 61 daAuts
